 Dungeon Crawl Stone Soup version 0.30-a0-782-ge64f9170bb (webtiles) character file.

Game seed: 17578371938308808092

5021 Dirtsage the Cleaver (level 10, -6/76 HPs)
             Began as a Demonspawn Fighter on Mar 1, 2023.
             Was a Believer of Okawaru.
             Mangled by an orc warlord
             ... wielding a +4 battleaxe
              (17 damage)
             ... in a bailey.
             The game lasted 00:21:30 (6919 turns).

Dirtsage the Cleaver (Demonspawn Fighter)           Turns: 6919, Time: 00:21:31

Health: -6/76      AC: 16    Str: 27    XL:     10   Next: 30%
Magic:  10/10      EV:  7    Int: 10    God:    Okawaru [**....]
Gold:   208        SH: 21    Dex: 12    Spells: 9/9 levels left

rFire   . . .      SeeInvis .    a - +0 war axe
rCold   + . .      Faith    .    E - +8 tower shield of the Heavens {Will+}
rNeg    . . .      Spirit   .    I - +2 ring mail {rC+}
rPois   .          Reflect  .    K - +1 helmet
rElec   .          Harm     .    m - scarf {+Inv}
rCorr   .          Rampage  .    (no gloves)
Will    +....                    x - +0 pair of boots
Stlth   +                        (no amulet)
HPRegen 1.32/turn                p - +6 ring of strength
MPRegen 0.12/turn                w - +4 ring of protection

@: no status effects
A: powered by death 1, spiny 1, sharp scales 2, weakness stinger 2
a: Renounce Religion, Evoke Invisibility, Heroism


You were in a bailey.
You worshipped Okawaru.
Okawaru was pleased with you.
You visited 2 branches of the dungeon, and saw 10 of its levels.
You also visited: Bailey.

You collected 592 gold pieces.
You spent 384 gold pieces at shops.

Inventory:

Hand Weapons
 a - a +0 war axe (weapon)
Armour
 c - a +0 buckler
 m - a scarf of invisibility (worn)
 x - a +0 pair of boots (worn)
 E - the +8 tower shield of the Heavens (worn) {Will+}
   (You acquired it on level 8 of the Dungeon)

   Will:      It increases your willpower.
 I - a +2 ring mail of cold resistance (worn)
 K - a +1 helmet (worn)
Magical Staves
 O - a staff of poison
Jewellery
 p - a +6 ring of strength (left hand)
 w - a +4 ring of protection (right hand)
 F - a ring of protection from fire
 M - a +6 ring of dexterity
Wands
 D - a wand of digging (7)
 J - a wand of iceblast (18)
 N - a wand of polymorph (12)
Scrolls
 e - 5 scrolls of enchant armour
 f - 2 scrolls of amnesia
 g - a scroll of fear
 i - a scroll of brand weapon {unknown}
 n - 4 scrolls of immolation
 t - 7 scrolls of teleportation
 u - 2 scrolls of blinking {unknown}
 v - a scroll of torment
 y - a scroll of vulnerability
 C - 4 scrolls of enchant weapon
 G - a scroll of poison
 H - a scroll of fog
 L - a scroll of butterflies {unknown}
Potions
 b - a potion of lignification {unknown}
 d - a potion of might
 h - 3 potions of degeneration {unknown}
 j - 5 potions of cancellation {unknown}
 k - a potion of brilliance {unknown}
 l - 3 potions of mutation {unknown}
 o - 2 potions of magic {unknown}
 q - 4 potions of curing
 r - 2 potions of haste {unknown}
 s - a potion of invisibility {unknown}
 z - 2 potions of heal wounds {unknown}
 A - 4 potions of flight {unknown}
 B - a potion of berserk rage {unknown}


   Skills:
 + Level 5.9 Fighting
 * Level 11.4 Axes
 - Level 2.6 Armour
 * Level 5.6 Shields
 + Level 4.9 Evocations


You had 9 spell levels left.
You didn't know any spells.
Your spell library contained the following spells:

 Spells                   Type           Power      Damage    Failure   Level
 Apportation              Tloc           0%         N/A       99%         1
 Cigotuvi's Dreadful Rot  Necr/Pois/Air  0%         N/A       100%        2
 Poisonous Vapours        Pois/Air       0%         N/A       100%        2
 Mephitic Cloud           Conj/Pois/Air  0%         N/A       100%        3
 Leda's Liquefaction      Hex/Erth       0%         N/A       100%        4
 Alistair's Intoxication  Tmut/Pois      0%         N/A       100%        5
 Lee's Rapid Deconstruct  Erth           0%         3d4*      100%        5
 Statue Form              Tmut/Erth      0%         N/A       100%        6


Dungeon Overview and Level Annotations

Branches:
Dungeon (9/15)             Temple (1/1) D:7          Bailey (1/1)
   Lair: D:8-11         Orc: D:9-12

Altars:
Ashenzari
Cheibriados
Fedhas
Gozag
Hepliaklqana
Kikubaaqudgha
Makhleb
Okawaru
Ru
Sif Muna
Trog
Uskayaw
Vehumet
Wu Jian
Yredelemnul

Shops:
D:1 *   D:3 *:*!   D:4 =[=   D:8 ?


Innate Abilities, Weirdness & Mutations

You regenerate a little health from kills.
You are partially covered in sharp spines.
You are mostly covered in razor-sharp scales. (AC +2, Slay +2)
You have a tail ending in a sharp stinger.


Message History

You regained 2 hp, and now have 65/76 hp.
You hit the orc warlord but do no damage.
You tail-slap the orc warlord.
The orc warlord is heavily wounded.
You barely miss the orc warrior. x2
The orc warrior hits you with a +0 war axe.
You block the orc warrior's attack. You block the orc warlord's attack.
The orc warlord barely misses you. You block the orc warrior's attack.
The orc warrior closely misses you.
You take 1 damage, and have 64/76 hp.
You hit the orc warlord.
The orc warlord is heavily wounded.
You closely miss the orc warrior. You slash the orc warrior!
The orc warrior no longer looks unusually strong.
The orc warrior hits you with a +0 war axe!
You block the orc warlord's attack.
The orc warrior hits you with a +0 war axe!
You take 18 damage, and have 46/76 hp.
MASSIVE DAMAGE!!
You hit the orc warlord but do no damage.
The orc warlord is heavily wounded.
You slash the orc warrior! You hit the orc warrior.
You block the orc warrior's attack.
The orc warlord roars a battlecry!
The orc warrior goes into a battle-frenzy!
The orc warrior hits you with a +0 war axe!
You take 16 damage, and have 30/76 hp.
MASSIVE DAMAGE!!
MP restored: 10 You hit the orc warlord but do no damage.
You tail-slap the orc warlord, but do no damage.
The orc warlord is heavily wounded.
You barely miss the orc warrior. You slash the orc warrior!
You kill the orc warrior!
Okawaru accepts your kill.
The orc warrior no longer looks unusually strong.
You block the orc warrior's attack.
The orc warlord is struck by your spines.
The orc warlord hits you with a +4 battleaxe!!
* * * LOW HITPOINT WARNING * * *
The orc warlord hits you with a +4 battleaxe!
You die...

#.........#
##.........##
#.....⌠.....#######
##........)##.....##
+........)'.......#
##.......##.......##
#.......#.........#
##88.88##.........##
###@###.....⌠.....#
#ooo###.........##
...g...#.........#
#.......##.......##
#.........#...))).#
#.........##..)..##
...........####)##
##.........##.....##
#.......#


You could see an orc warlord, an orc warrior, an orc (strong) and a goblin.

Vanquished Creatures
  A two-headed ogre (D:8)
  A gargoyle (D:8)
  Grinder (D:5)
  2 hornets
  A steam dragon (D:8)
  A water moccasin (D:6)
  An acid dragon (D:5)
  Edmund (D:5)
  7 orc warriors (Bailey)
  3 sky beasts (D:7)
  2 ogres (D:5)
  2 phantoms (D:5)
  2 centaurs
  A kobold brigand (D:6)
  3 bullfrogs
  A necrophage (D:5)
  A scorpion (D:6)
  5 wights (D:6)
  6 killer bees (D:6)
  An electric eel (D:6)
  2 jellies
  A gnoll bouda (D:7)
  2 hounds
  An orc priest (D:7)
  Jessica (D:3)
  Natasha (thrice) (D:2)
  2 iguanas (D:5)
  4 orc wizards
  23 gnolls
  7 adders
  3 shadow imps
  An ufetubus (D:7)
  3 worms
  2 dart slugs (D:1)
  17 orcs
  5 ball pythons
  9 bats
  4 endoplasms
  4 giant cockroaches
  15 goblins
  17 hobgoblins
  2 quokkas
  3 frilled lizards
  13 kobolds
  4 rats
191 creatures vanquished.

Notes
Turn   | Place    | Note
-------+----------+-------------------------------------------
     0 | D:1      | Dirtsage the Demonspawn Fighter began the quest for the
                  | Orb.
     0 | D:1      | Reached XP level 1. HP: 18/18 MP: 1/1
    78 | D:1      | Reached skill level 2 in Axes
   156 | D:1      | Gained mutation: You have a small tail. [demonic ancestry]
   156 | D:1      | Reached XP level 2. HP: 24/24 MP: 2/2
   317 | D:1      | Reached skill level 3 in Axes
   557 | D:1      | Found Qoschapuk's General Store.
   564 | D:1      | Bought a scroll of identify for 26 gold pieces
   564 | D:1      | Bought a +0 helmet for 58 gold pieces
   737 | D:2      | Gained mutation: You are partially covered in razor-sharp
                  | scales. (AC +1, Slay +1) [demonic ancestry]
   737 | D:2      | Reached XP level 3. HP: 29/29 MP: 3/3
   749 | D:2      | Gained mutation: You regenerate a little health from kills.
                  | [demonic ancestry]
   749 | D:2      | Reached XP level 4. HP: 24/35 MP: 4/4
   780 | D:2      | Reached skill level 4 in Axes
   842 | D:2      | Found a faded altar of an unknown god.
   979 | D:2      | Noticed Natasha
   985 | D:2      | Killed Natasha
  1022 | D:2      | Noticed Natasha
  1030 | D:2      | Killed Natasha
  1031 | D:2      | Reached XP level 5. HP: 41/41 MP: 5/5
  1405 | D:2      | Noticed Natasha
  1410 | D:2      | Killed Natasha
  1411 | D:2      | Reached skill level 5 in Axes
  1901 | D:3      | Found Leebbuu's General Store.
  1901 | D:3      | Noticed Jessica
  1903 | D:3      | Killed Jessica
  1912 | D:3      | Bought 3 scrolls of identify for 60 gold pieces
  1917 | D:3      | Found Qadizad's Book Boutique.
  2067 | D:3      | Found Ibeucvack's Distillery.
  2456 | D:3      | Found Ylibeaj's Assorted Antiques.
  2546 | D:4      | Found Dos Naeha's Armour Boutique.
  2561 | D:4      | Found Ynuxihiz's Jewellery Shop.
  2583 | D:4      | Reached XP level 6. HP: 47/47 MP: 6/6
  2601 | D:4      | Identified the +1 sling of Proximity {heavy, rN+ MP-9 Int+3
                  | Dex+3}
  2696 | D:4      | Found Evui's Jewellery Emporium.
  2791 | D:4      | Reached skill level 6 in Axes
  3044 | D:5      | Entered Level 5 of the Dungeon
  3281 | D:5      | Reached skill level 7 in Axes
  3281 | D:5      | Reached XP level 7. HP: 52/52 MP: 7/7
  3324 | D:5      | Found a basalt altar of Yredelemnul.
  3460 | D:5      | Noticed Edmund
  3466 | D:5      | Killed Edmund
  3467 | D:5      | Reached skill level 8 in Axes
  3541 | D:5      | Gained mutation: You have a tail ending in a sharp stinger.
                  | [demonic ancestry]
  3541 | D:5      | Reached XP level 8. HP: 58/58 MP: 8/8
  3568 | D:5      | Noticed Grinder
  3573 | D:5      | Paralysed by Grinder for 3 turns
  3578 | D:5      | Killed Grinder
  3579 | D:5      | Reached skill level 9 in Axes
  3803 | D:6      | Reached skill level 1 in Evocations
  4047 | D:6      | Reached skill level 10 in Axes
  4047 | D:6      | Gained mutation: You are mostly covered in razor-sharp
                  | scales. (AC +2, Slay +2) [demonic ancestry]
  4047 | D:6      | Reached XP level 9. HP: 59/65 MP: 9/9
  5378 | D:7      | Found a staircase to the Ecumenical Temple.
  5384 | Temple   | Entered the Ecumenical Temple
  5421 | Temple   | Became a worshipper of Warmaster Okawaru
  5786 | D:8      | Noticed a gargoyle
  5790 | D:8      | Killed a gargoyle
  5791 | D:8      | Reached skill level 5 in Fighting
  6005 | D:8      | Reached skill level 11 in Axes
  6056 | D:8      | Found Sulylyuff's Magic Scroll Emporium.
  6061 | D:8      | Bought a scroll of identify for 26 gold pieces
  6061 | D:8      | Bought a scroll of teleportation for 39 gold pieces
  6061 | D:8      | Bought a scroll of enchant weapon for 97 gold pieces
  6061 | D:8      | Bought a scroll of identify for 26 gold pieces
  6061 | D:8      | Bought a scroll of identify for 26 gold pieces
  6061 | D:8      | Bought a scroll of identify for 26 gold pieces
  6062 | D:8      | Identified a scroll of acquirement
  6063 | D:8      | Acquired the +8 tower shield of the Heavens {Will+}
  6132 | D:8      | Reached skill level 5 in Shields
  6188 | D:8      | Noticed a two-headed ogre
  6198 | D:8      | Killed a two-headed ogre
  6198 | D:8      | Reached * piety under Okawaru
  6199 | D:8      | Gained mutation: You are partially covered in sharp spines.
                  | [demonic ancestry]
  6199 | D:8      | Reached XP level 10. HP: 36/76 MP: 10/10
  6716 | D:9      | Found a flagged portal.
  6743 | Bailey   | Entered a bailey
  6828 | Bailey   | Reached ** piety under Okawaru
  6902 | Bailey   | Noticed an orc warlord
  6919 | Bailey   | Mangled by an orc warlord

Illustrated notes

Levels and vault maps discovered:
D:1:      lightli_arrival_boilingwater, layout_loops_ring, serial_shops,
          nicolae_shop_statue_plus
D:2:      layout_basic, shapermc_ecumenical_altar_mp_highgroup,
          roderic_roman_lattice, uniq_natasha
D:3:      layout_loops_corners, serial_shops, shop, shop,
          nicolae_shop_behind_doors, nicolae_shop_statue_plus, corner_web_ring,
          uniq_jessica
D:4:      layout_basic, serial_shops, nicolae_shop_advertising_works
          [nicolae_subvault_shop_adworks], shop, shop_coins
D:5:      layout_gridville, nicolae_overflow_squiral, uniq_edmund, uniq_grinder
D:6:      layout_loops_ring, nicolae_overflow_hidden_temple, minivault_14,
          minmay_unpleasant_kobolds
D:7:      layout_loops_corners, minmay_temple_entry_wispy
D:8:      layout_cave_pods, serial_shops, shop, kennysheep_generic_room_5
D:9:      layout_basic, old_standard_altar, enter_bailey_5, special_room
          [special_room_kobold]
Temple:   compressed_dpeg_circular_temple
Bailey:   bailey_axe_minmay_hex_keep, bailey

Skill      XL: |  1  2  3  4  5  6  7  8  9 |
---------------+----------------------------+-----
Axes           | 2 3 4 5 7 8 10 11 | 11.4
Shields        | 3 5 |  5.6
Evocations     | 2 4 |  4.9
Fighting       | 4 5 |  5.9
Armour         | |  2.6

Action                     |  1- 3 |  4- 6 |  7- 9 | 10-12 || total
---------------------------+-------+-------+-------+-------++-------
  Melee: War axe           |    73 |   157 |   234 |    76 ||   540
         Tailslap          |    10 |    17 |    33 |     9 ||    69
 Invoke: Heroism           |       |       |       |     1 ||     1
  Evoke: Wand              |       |       |     2 |       ||     2
    Use: Scroll            |     1 |     4 |     3 |     5 ||    13
         Potion            |       |       |     4 |       ||     4
 Armour: Scale mail        |    41 |    62 |     3 |       ||   106
         Ring mail         |       |       |   101 |    24 ||   125
  Dodge: Dodged            |    34 |    56 |   107 |    20 ||   217
  Block: Buckler           |    13 |    26 |    43 |       ||    82
         Tower shield      |       |       |    14 |   114 ||   128

Table legend: (Time is in decaauts)
 A = Elapsed time spent in this place.
 B = Non-inter-level travel time spent in this place.
 C = Inter-level travel time spent in this place.
 D = Time resting spent in this place.
 E = Time spent auto-exploring this place.
 F = Levels seen in this place.
 G = Mean time per level.
                   A        B        C        D        E       F      G
               +--------+--------+--------+--------+--------+-----+--------+
         Total |   7050 |   6747 |    303 |    320 |   5151 |  11 |  640.9 |
       Dungeon |   6786 |   6516 |    270 |    320 |   5060 |   9 |  754.0 |
        Temple |     71 |     38 |     33 |      0 |     20 |   1 |   71.0 |
        Bailey |    192 |    192 |      0 |      0 |     71 |   1 |  192.0 |
               +--------+--------+--------+--------+--------+-----+--------+

Top non-repeatable levels by time:
     D:7: 1090 daAuts
     D:3: 1035 daAuts
     D:8: 945 daAuts
     D:2: 861 daAuts
     D:6: 834 daAuts
     D:5: 750 daAuts
     D:1: 720 daAuts
     D:4: 508 daAuts
  Bailey: 192 daAuts
  Temple: 71 daAuts
     D:9: 40 daAuts
